AoeStats
← Table_Rase

Arabia

510500201Analyzed
1v1 RM · 1d ago on Oct 1, 2026· 49m 35s· 2 players
Game mode
Random Map
Map size
Tiny (2 player)
Population
200
Speed
Normal
Resources
Standard
Victory
Conquest
Starting age
Dark Age
Ending age
Imperial Age
RankedLock teamsTeams togetherTeam positionsShared explorationLock speedFull tech treeHidden civsTurbo modeCheats
Victory
Defeat
🇫🇷 Mongols · France
1558
+16
🇫🇷 Wu · France
1559
-16
Table_Rase
7:47 Feudal Age
6:03 Loom
9:18 Double-Bit Axe
21:22 Castle Age
19:15 Gold Mining
19:18 Fletching
20:05 Padded Archer Armor
20:34 Bloodlines
20:23 Horse Collar
21:34 Elite Skirmisher
21:39 Light Cavalry
23:34 Leather Archer Armor
23:25 Bodkin Arrow
32:48 Leather Archer Armor
32:39 Scale Barding Armor
35:11 Ballistics
36:20 Thumb Ring
41:02 Imperial Age
41:14 Wheelbarrow
41:32 Bow Saw
44:15 Chemistry
45:41 Bracer
45:45 Heavy Plow
47:31 Husbandry
48:56 Chain Barding Armor
48:48 Masonry
jo8313
6:41 Loom
9:05 Feudal Age
10:10 Double-Bit Axe
16:41 Fletching
17:15 Padded Archer Armor
21:08 Castle Age
19:35 Gold Mining
20:09 Horse Collar
21:11 Crossbowman
21:48 Bodkin Arrow
22:55 Leather Archer Armor
23:45 Ballistics
23:24 Town Watch
28:51 Scale Mail Armor
29:03 Forging
29:50 Squires
31:37 Wheelbarrow
42:04 Masonry
Connection lost

Rejoining the realm…

Still unreachable

The connection could not be restored.

Session expired

The server has moved on; the page needs a fresh start.